 Dungeon Crawl Stone Soup version 0.20.0-6-gd3061e9 (webtiles) character file.

149816 kuniqs the Warrior (level 16, 60/171 HPs)
             Began as a Minotaur Fighter on May 28, 2017.
             Was a High Priest of the Shining One.
             Quit the game on level 2 of the Depths.
             The game lasted 00:46:28 (23770 turns).

kuniqs the Warrior (Minotaur Fighter)              Turns: 23770, Time: 00:46:29

Health: 60/171     AC: 31    Str: 24    XL:     16   Next: 97%
Magic:  24/24      EV: 14    Int:  5    God:    the Shining One [*****.]
Gold:   1160       SH: 19    Dex: 12    Spells: 15/15 levels left

rFire    . . .     SeeInvis .   Q - +2 scimitar (flame)
rCold    + + .     Gourm    .   X - +0 shield {rC+}
rNeg     + + .     Faith    .   A - +1 plate armour {rC+}
rPois    +         Spirit   .   (helmet restricted)
rElec    .         Reflect  +   c - +0 cloak
rCorr    .         Harm     .   R - +2 pair of gloves
MR       +....                  T - +0 pair of boots
Stlth    ..........             n - +5 amulet of reflection
Regen    0.4/turn               C - -2 ring of dexterity (curse)
MPRegen  0.2/turn               K - +5 ring of protection

@: glowing
A: retaliatory headbutt, horns 2, talons 1, rugged brown scales 1, poison
resistance, robust 1
a: Divine Shield, Cleansing Flame, Summon Divine Warrior, Renounce Religion


You were on level 2 of the Depths.
You worshipped the Shining One.
The Shining One was extremely pleased with you.
You were not hungry.

You visited 4 branches of the dungeon, and saw 20 of its levels.
You also visited: Ossuary.

You collected 1412 gold pieces.
You spent 252 gold pieces at shops.

Inventory:

Hand Weapons
 Q - a +2 scimitar of flaming (weapon)
Missiles
 z - a throwing net (quivered)
Armour
 c - a +0 cloak (worn)
 A - a +1 plate armour of cold resistance (worn)
 R - a +2 pair of gloves (worn)
 T - a +0 pair of boots (worn)
 X - a +0 shield of cold resistance (worn)
Jewellery
 n - a +5 amulet of reflection (around neck)
 x - a +3 ring of protection
 C - a cursed -2 ring of dexterity (left hand)
 F - an uncursed ring of fire
 K - a +5 ring of protection (right hand)
 O - an uncursed ring of resist corrosion
 W - an uncursed ring of protection from magic
Wands
 b - a wand of iceblast (5/15)
 p - a wand of digging (13/24)
 r - a wand of iceblast (8/15)
 s - a wand of paralysis (13/24)
 y - a wand of paralysis (16/24)
 E - a wand of disintegration (8/24)
 I - a wand of confusion (29/48)
 J - a wand of polymorph (12/24)
 L - a wand of iceblast (5/15)
 V - a wand of acid (8/15)
Scrolls
 g - 7 scrolls of enchant armour
 h - 2 scrolls of teleportation
 i - 6 scrolls of fear
 q - a scroll of holy word {unknown}
 t - 2 scrolls of magic mapping
 u - 3 scrolls of immolation
 v - 2 scrolls of fog
 w - 2 scrolls of recharging
 B - a scroll of enchant weapon {unknown}
 H - a scroll of brand weapon {unknown}
 M - a scroll of silence
Potions
 a - 3 potions of mutation
 j - a potion of curing {@q1}
 k - 7 potions of might
 l - 5 potions of haste
 m - 3 potions of magic
 D - a potion of ambrosia
 G - a potion of resistance
 N - a potion of berserk rage
 U - a potion of cancellation
Comestibles
 d - 10 bread rations
 e - 8 meat rations
 f - 14 fruits
 o - 3 chunks of flesh


   Skills:
 + Level 16.5 Fighting
 - Level 12.3 Long Blades
 + Level 16.0 Armour
 + Level 14.5 Dodging
 - Level 14.3 Shields
 + Level 12.8 Invocations


You had 15 spell levels left.
You didn't know any spells.

Dungeon Overview and Level Annotations

Branches:
Dungeon (15/15)            Temple (1/1) D:6            Lair (0/6) D:8
    Orc (0/2) D:12         Vaults (0/5) D:14         Depths (3/5) D:15
   Hell (1/1)
    Dis: Hell:1         Geh: Hell:1         Coc: Hell:1         Tar: Hell:1

Altars:
Ashenzari
Cheibriados
Dithmenos
Elyvilon
Fedhas
Gozag
Hepliaklqana
Kikubaaqudgha
Makhleb
Okawaru
Ru
Sif Muna
Trog
Uskayaw
Vehumet
Xom
Zin
The Shining One

Shops:
D:12 }   D:14 *!

Portals:
Hell: Depths:1 Depths:2
Abyss: Depths:1

Annotations:
Hell Geryon


Innate Abilities, Weirdness & Mutations

You reflexively headbutt those who attack you in melee.
You have a pair of horns on your head.
You have sharp toenails.
You are partially covered in rugged brown scales. (AC +1, +3% HP)
Your system is resistant to poisons. (rPois)
You are robust. (+10% HP)


Message History

The bolt of cold hits you! You resist.
The stone giant throws a large rock.
The large rock hits you!!!
The yaktaur wields an arbalest.
The yaktaur shoots a bolt.
You reflect the bolt off an invisible shield around you!
The bolt hits the yaktaur!!
You see here a large rock.
The frost giant points at you and mumbles some strange words.
The bolt of cold hits you! You resist.
The frost giant points at you and mumbles some strange words.
The bolt of cold misses you.
There is a stone staircase leading up here.
You climb upwards.
There is a stone staircase leading down here.
Save game and exit?
Warning: Cannot find file "HDamage.rc". (~/.crawlrc:4) Warning: Cannot find file "HDAColors.rc". (~/.crawlrc:5) Welcome back, kuniqs the Minotaur Fighter.
The Shining One says: Lead the forces of light to victory!
Press ? for a list of commands and other information.
Are you sure you want to abandon this character and quit the game? (Confirm with "yes".)

#.................###......
########...................
##).................!
##....................
######.....................
#..........................
#####............(.........
###.............###....
###...@.........# #....
######..............?###....
#...........................
##...........)))..........T.
######......)..###........[
##......<.# ##........
##........####........
#####..........##.........
####.........................


There were no monsters in sight!

Vanquished Creatures
  Nikola (Depths:1)
  the Enchantress (Depths:2)
  A quicksilver dragon (Depths:2)
  A tengu reaver (Depths:1)
  A shadow dragon (Depths:2)
  2 fire giants (Depths:2)
  2 emperor scorpions (shapeshifter)
  A frost giant (Depths:1)
  A balrug (Depths:1)
  3 spriggan defenders (Depths:2)
  A caustic shrike skeleton (Depths:2)
  A vampire knight (Depths:2)
  4 stone giants (Depths:1)
  4 very ugly things
  A lorocyproca (Hell)
  A juggernaut skeleton (Depths:1)
  2 ettins
  Josephine (D:12)
  A quicksilver dragon zombie (D:15)
  5 fire dragons
  2 great orbs of eyes (Depths:1)
  A quicksilver dragon skeleton (Depths:2)
  2 hydras
  A naga warrior (D:14)
  An ice dragon (Depths:2)
  A spriggan air mage (Depths:2)
  A vault guard (D:14)
  2 rakshasas
  A catoblepas (D:14)
  A death knight (D:13)
  18 two-headed ogres
  Erica (D:8)
  3 centaur warriors
  5 deep troll shamans
  2 ogre magi
  A spriggan berserker (Depths:1)
  8 tengu warriors
  A deep troll earth mage (Depths:1)
  A vampire mage (D:15)
  A soul eater (Depths:2)
  4 sun demons
  2 iron trolls (Depths:1)
  3 skeletal warriors
  5 unseen horrors
  A golden dragon zombie (Depths:2)
  6 hell knights (Depths:1)
  3 glowing orange brains
  4 deep trolls (Depths:1)
  A flayed ghost (D:14)
  A glowing orange brain (shapeshifter) (D:14)
  An orc knight (D:11)
  3 wizards
  A deep elf mage (D:15)
  A fire giant zombie (Depths:1)
  7 necromancers
  The ghost of Gataroth the Cudgeler, a novice DsBe of Trog (D:6)
  A frost giant zombie (Depths:1)
  26 ugly things
  A manticore (D:14)
  6 cyclopes
  A salamander (shapeshifter) (D:14)
  A stone giant zombie (D:15)
  2 frost giant skeletons (D:15)
  A smoke demon (Hell)
  4 centaur skeletons
  A spriggan zombie (Depths:2)
  3 kobold demonologists (D:14)
  An efreet (D:13)
  2 spriggan skeletons (Depths:1)
  4 freezing wraiths
  A komodo dragon (shapeshifter) (D:15)
  A komodo dragon (D:10)
  2 yaktaurs
  5 tengu conjurers (Depths:1)
  3 meliai (D:14)
  3 trolls
  A harpy skeleton (D:13)
  A slime creature (D:14)
  3 hippogriffs
  A stone giant simulacrum (Depths:2)
  3 shadows
  17 yaks
  Sigmund (D:5)
  2 spriggans (Depths:2)
  3 wyverns
  A centaur simulacrum (D:14)
  4 hogs (D:7)
  2 fire elementals
  6 wraiths (D:12)
  An ettin skeleton (Depths:1)
  A human (shapeshifter) (Depths:1)
  23 humans
  3 basilisks
  3 soldier ants
  2 hungry ghosts
  A steam dragon (D:12)
  5 large abominations (Depths:1)
  12 vampire mosquitoes
  2 nagas (D:14)
  A soldier ant (shapeshifter) (Depths:1)
  2 acid dragons
  A water moccasin (D:10)
  2 porcupines (D:8)
  5 orc warriors
  8 ice beasts
  2 phantoms
  3 black bears
  9 ogres
  2 necrophages
  4 sky beasts
  14 centaurs
  A big kobold (D:14)
  12 bullfrogs
  A gnoll sergeant (D:6)
  7 small abominations (Depths:1)
  A tengu simulacrum (Depths:1)
  A wyvern skeleton (D:11)
  3 scorpions
  13 wights
  5 howler monkeys
  11 crimson imps
  3 human zombies
  5 hounds
  5 quasits
  6 centaur zombies
  7 orc priests
  17 orc wizards
  A bullfrog skeleton (D:4)
  8 jellies
  Ijyb (D:4)
  7 iguanas
  9 worker ants
  A big kobold zombie (Ossuary)
  A hound zombie (Ossuary)
  2 hound skeletons
  4 mummies (Ossuary)
  14 gnolls
  10 adders
  A shadow imp (D:15)
  3 adder zombies
  2 oozes
  A worm (D:2)
  6 dart slugs
  3 leopard geckos
  44 orcs
  8 bats
  3 giant cockroaches
  3 goblins
  12 hobgoblins
  2 jackals (D:1)
  6 quokkas
  A ball python (D:3)
  7 frilled lizards
  2 gnoll zombies (Ossuary)
  3 kobolds
  A leopard gecko zombie (D:7)
  An orc zombie (Ossuary)
  A quokka skeleton (D:5)
  11 rats
  4 rat zombies (Ossuary)
634 creatures vanquished.

Vanquished Creatures (collateral kills)
  A caustic shrike (Depths:2)
  A titan (Depths:2)
  An iron dragon (Depths:2)
  An ogre mage (Depths:2)
  A spriggan air mage (Depths:2)
  An ice dragon (Depths:1)
  2 centaur warriors (Depths:1)
  2 two-headed ogres (Depths:2)
  A tengu warrior (Depths:1)
  A vampire mage (Depths:2)
  An ugly thing (Depths:1)
  2 yaktaurs
  2 ogres (Depths:2)
17 creatures vanquished.

Vanquished Creatures (others)
  A stone giant (Depths:1)
  A cyclops (D:11)
  9 centaurs
  An orc (D:5)
  2 bushes (D:14)
  A withered plant (D:15)
15 creatures vanquished.

Grand Total: 666 creatures vanquished

Notes
Turn   | Place    | Note
-------+----------+-------------------------------------------
     0 | D:1      | kuniqs the Minotaur Fighter began the quest for the Orb.
     0 | D:1      | Reached XP level 1. HP: 19/19 MP: 0/0
    85 | D:1      | Reached XP level 2. HP: 26/27 MP: 1/1
   498 | D:1      | Reached skill level 1 in Dodging
   635 | D:2      | Reached XP level 3. HP: 33/33 MP: 2/2
   969 | D:2      | Found a snail-covered altar of Cheibriados.
  1165 | D:2      | Reached XP level 4. HP: 40/40 MP: 3/3
  1648 | D:3      | Reached XP level 5. HP: 47/47 MP: 4/4
  1683 | D:3      | Reached skill level 5 in Fighting
  1862 | D:3      | Found a deep blue altar of Sif Muna.
  2035 | D:3      | Found a white marble altar of Elyvilon.
  2264 | D:4      | Noticed an ogre
  2271 | D:4      | Killed an ogre
  2271 | D:4      | Reached XP level 6. HP: 44/56 MP: 5/5
  2518 | D:4      | Reached skill level 5 in Shields
  2647 | D:4      | Reached skill level 5 in Armour
  2663 | D:4      | Found a blossoming altar of Fedhas.
  2812 | D:4      | Reached XP level 7. HP: 62/62 MP: 6/6
  3112 | D:4      | Noticed Ijyb
  3123 | D:4      | Killed Ijyb
  3317 | D:5      | Entered Level 5 of the Dungeon
  3376 | D:5      | Found a sand-covered staircase.
  3395 | Ossuary  | Entered an ossuary
  3425 | Ossuary  | HP: 2/63 [human zombie (6)]
  3429 | Ossuary  | Reached skill level 5 in Long Blades
  3895 | D:5      | Noticed Sigmund
  3911 | D:5      | Killed Sigmund
  3911 | D:5      | Reached XP level 8. HP: 71/71 MP: 7/7
  4757 | D:5      | Reached skill level 5 in Dodging
  5254 | D:6      | Noticed Gataroth's ghost (novice DsBe)
  5309 | D:6      | Killed Gataroth's ghost
  5309 | D:6      | Reached XP level 9. HP: 61/79 MP: 8/8
  5419 | D:6      | Found a staircase to the Ecumenical Temple.
  5428 | Temple   | Entered the Ecumenical Temple
  5547 | Temple   | Became a worshipper of the Shining One
  5851 | D:6      | Reached skill level 1 in Invocations
  6560 | D:8      | Noticed Erica
  6564 | D:8      | Reached XP level 10. HP: 85/90 MP: 11/11
  6670 | D:8      | Killed Erica
  6682 | D:8      | Found a staircase to the Lair.
  6772 | D:8      | Noticed a two-headed ogre
  6785 | D:8      | Killed a two-headed ogre
  6801 | D:8      | Reached * piety under the Shining One
  6924 | D:8      | Found a hazy altar of Hepliaklqana.
  7048 | D:8      | Found a white marble altar of Elyvilon.
  7049 | D:8      | Found a burning altar of Makhleb.
  7049 | D:8      | Found an ancient bone altar of Kikubaaqudgha.
  7171 | D:9      | Found a bloodstained altar of Trog.
  7188 | D:9      | Gained mutation: Your magical capacity is low. (-10% MP) [mutagenic meat]
  7189 | D:9      | Gained mutation: You are frail. (-10% HP) [mutagenic meat]
  7190 | D:9      | Gained mutation: You have a pair of large horns on your head. [mutagenic meat]
  7191 | D:9      | Gained mutation: You have sharp toenails. [mutagenic meat]
  7192 | D:9      | Gained mutation: You can translocate small distances at will. [mutagenic meat]
  7349 | D:9      | Noticed a two-headed ogre
  7360 | D:9      | Killed a two-headed ogre
  7669 | D:9      | Found a glowing silver altar of Zin.
  7769 | D:10     | Entered Level 10 of the Dungeon
  7925 | D:10     | Got an encrusted ring mail
  7937 | D:10     | Noticed an unseen horror
  7944 | D:10     | Killed an unseen horror
  7944 | D:10     | Reached XP level 11. HP: 89/89 MP: 12/12
  7955 | D:10     | Identified the +3 ring mail of the Beginning {*Slow rElec MR+} (You found it on level 10 of the Dungeon)
  8087 | D:10     | Reached skill level 10 in Fighting
  8169 | D:10     | Reached skill level 5 in Invocations
  8430 | D:11     | Noticed a two-headed ogre
  8430 | D:11     | Reached ** piety under the Shining One
  8430 | D:11     | Noticed a red ugly thing
  8524 | D:11     | Killed a two-headed ogre
  8605 | D:11     | Noticed a seven-headed hydra
  8611 | D:11     | Killed a three-headed hydra
  8754 | D:11     | Noticed a red ugly thing
  8767 | D:10     | Killed a cyan ugly thing
  8782 | D:11     | Killed a red ugly thing
  8797 | D:11     | Reached skill level 10 in Armour
  8844 | D:11     | Noticed an orc knight
  8860 | D:11     | Killed an orc knight
  8860 | D:11     | Reached skill level 10 in Shields
  8864 | D:11     | Reached skill level 10 in Long Blades
  9319 | D:11     | Reached *** piety under the Shining One
  9470 | D:11     | Reached XP level 12. HP: 92/97 MP: 14/14
  9563 | D:12     | Noticed Josephine
  9575 | D:12     | Killed Josephine
  9660 | D:12     | Found Pixaxiul's Gadget Emporium.
  9824 | D:12     | Found a staircase to the Orcish Mines.
  9837 | D:12     | Reached **** piety under the Shining One
 10104 | D:12     | Lost mutation: Your magical capacity is low. (-10% MP) [potion of mutation]
 10104 | D:12     | Lost mutation: You have a pair of large horns on your head. [potion of mutation]
 10104 | D:12     | Lost mutation: You are frail. (-10% HP) [potion of mutation]
 10104 | D:12     | Lost mutation: You can translocate small distances at will. [potion of mutation]
 10104 | D:12     | Gained mutation: You are partially covered in rugged brown scales. (AC +1, +3% HP) [potion of mutation]
 10104 | D:12     | Gained mutation: Your system is resistant to poisons. (rPois) [potion of mutation]
 10104 | D:12     | Gained mutation: You are robust. (+10% HP) [potion of mutation]
 10553 | D:13     | Noticed a death knight
 10574 | D:13     | Killed a death knight
 10605 | D:13     | Reached ***** piety under the Shining One
 10680 | D:13     | Noticed a two-headed ogre
 10687 | D:13     | Killed a two-headed ogre
 10782 | D:13     | Reached skill level 10 in Dodging
 10864 | D:13     | Noticed a two-headed ogre
 10871 | D:13     | Killed a two-headed ogre
 10958 | D:13     | Reached XP level 13. HP: 132/132 MP: 17/17
 11767 | D:14     | Found Zidghit's Serpentskin Sales.
 12708 | D:14     | Reached ****** piety under the Shining One
 12830 | D:14     | Found Nessuv Veol's Distillery.
 12838 | D:14     | Bought a potion of heal wounds for 90 gold pieces
 12838 | D:14     | Bought a potion of heal wounds for 90 gold pieces
 12838 | D:14     | Bought a potion of might for 72 gold pieces
 13424 | D:14     | Found a gate to the Vaults.
 13633 | D:14     | Reached XP level 14. HP: 143/143 MP: 19/19
 13954 | D:15     | Entered Level 15 of the Dungeon
 14135 | D:15     | Found a staircase to the Depths.
 14865 | Depths:1 | Entered Level 1 of the Depths
 14868 | Depths:1 | Found a one-way gate to the infinite horrors of the Abyss.
 14881 | Depths:1 | Noticed a stone giant
 14884 | Depths:1 | Noticed a stone giant
 14890 | Depths:1 | Killed a stone giant
 15143 | Depths:1 | Reached skill level 10 in Invocations
 15175 | Depths:1 | Paralysed by a wizard for 2 turns
 15183 | Depths:1 | Paralysed by a wizard for 7 turns
 15213 | Depths:1 | Noticed a stone giant
 15223 | Depths:1 | Killed a stone giant
 15261 | Depths:1 | Noticed a tengu reaver
 15274 | Depths:1 | Killed a tengu reaver
 15490 | Depths:1 | You fall through a shaft!
 15490 | Depths:2 | Found a gateway to Hell.
 15494 | Depths:2 | Noticed a caustic shrike
 15504 | Depths:2 | Killed a caustic shrike
 15505 | Depths:2 | Noticed a titan
 15515 | Depths:2 | Killed a titan
 15757 | Depths:2 | Noticed a fire giant
 15777 | Depths:2 | Killed a fire giant
 15777 | Depths:2 | Reached XP level 15. HP: 120/155 MP: 21/21
 16597 | Depths:1 | Got a steaming ring mail
 16608 | Depths:1 | Identified the cursed +0 ring mail "Ahupo" {rCorr Stlth+} (You found it on level 1 of the Depths)
 16967 | Depths:1 | Noticed Nikola
 16999 | Depths:1 | Killed Nikola
 17948 | Depths:1 | Reached skill level 15 in Fighting
 18492 | Depths:1 | Noticed a frost giant
 18507 | Depths:1 | Killed a frost giant
 18765 | Depths:2 | HP: 1/159 [caustic shrike skeleton[a necromancer] (11)]
 18771 | Depths:2 | HP: 6/159 [caustic shrike skeleton[a necromancer] (11)]
 19981 | Depths:2 | Reached XP level 16. HP: 157/168 MP: 13/23
 20147 | Depths:2 | Noticed the Enchantress
 20165 | Depths:2 | Killed the Enchantress
 20180 | Depths:2 | HP: 2/168 [spriggan defender/antimagic lajatang[the Enchantress] (24)]
 20319 | Depths:1 | Reached skill level 15 in Armour
 21668 | Depths:2 | Got faerie dragon scales
 21679 | Depths:2 | Identified the +3 faerie dragon scales {rCorr Int-2 Slay+2 Stlth+} (You took it off the Enchantress on level 2 of the Depths)
 22226 | Depths:2 | Noticed a shadow dragon
 22230 | Depths:2 | Noticed a quicksilver dragon
 22233 | Depths:2 | Noticed a shadow dragon
 22234 | Depths:2 | Noticed a shadow dragon
 22234 | Depths:2 | Noticed a caustic shrike
 22237 | Depths:2 | Killed a shadow dragon
 22243 | Depths:2 | Noticed a titan
 22244 | Depths:2 | Noticed a quicksilver dragon
 22521 | Hell     | Entered the Vestibule of Hell
 22521 | Hell     | Noticed Geryon
 23106 | Depths:2 | Killed a quicksilver dragon
 23770 | Depths:2 | Quit the game

Skill      XL: |  1  2  3  4  5  6  7  8  9 10 11 12 13 14 15 16 |
---------------+-------------------------------------------------+-----
Fighting       | 4 5 6 7 8 9 10 11 12 14 15 16 | 16.5
Dodging        | 1 2 3 4 5 6 7 8 10 11 12 13 14 | 14.5
Armour         | 4 5 6 7 8 9 10 11 12 13 14 16 | 16.0
Long Blades    | 3 4 5 6 7 9 10 11 12 | 12.3
Shields        | 4 5 7 8 9 10 11 12 13 14 | 14.3
Invocations    | 3 4 6 7 9 10 11 12 | 12.8

Action                   |  1- 3 |  4- 6 |  7- 9 | 10-12 | 13-15 | 16-18 || total
-------------------------+-------+-------+-------+-------+-------+-------++-------
Melee: Long sword        |    93 |   135 |   437 |    20 |       |       ||   685
       Headbutt          |    13 |    23 |    97 |   124 |   300 |   100 ||   657
       Scimitar          |       |       |       |   521 |  1133 |   385 ||  2039
       Kick              |       |       |       |   164 |   118 |       ||   282
Invok: Summon Divine War |       |       |       |       |     9 |     3 ||    12
       Cleansing Flame   |       |       |       |       |    12 |    11 ||    23
       Divine Shield     |       |       |       |       |     1 |       ||     1
Evoke: Wand              |       |       |     4 |     3 |     3 |       ||    10
  Use: Scroll            |       |       |    11 |     7 |     7 |     5 ||    30
       Potion            |       |       |     7 |     1 |     4 |     3 ||    15
 Stab: Paralysed         |       |       |     7 |       |       |       ||     7
  Eat: Chunk             |    16 |       |    11 |    19 |    20 |     6 ||    72
       Royal jelly       |       |       |       |     1 |     7 |       ||     8
       Meat ration       |       |       |       |       |       |     1 ||     1
       Bread ration      |       |       |       |       |       |     1 ||     1
       Fruit             |       |       |       |       |       |     1 ||     1
Armor: Scale mail        |    41 |    31 |    83 |       |       |       ||   155
       Plate armour      |       |       |    88 |   131 |   332 |   188 ||   739
       Skin              |       |       |       |       |    12 |       ||    12
       Ring mail         |       |       |       |       |     3 |       ||     3
Dodge: Dodged            |    36 |    36 |   100 |    96 |   281 |   145 ||   694
Block: Shield            |    55 |   127 |   390 |   391 |   752 |   185 ||  1900
       Reflection        |       |     1 |    10 |    16 |    51 |    13 ||    91
       Buckler           |       |       |       |       |   133 |    96 ||   229
       Rpst.: Long sword |     8 |    12 |    25 |     1 |       |       ||    46
       Scimitar          |       |       |       |    22 |    48 |    29 ||    99
